 Dungeon Crawl Stone Soup version 0.28-a0-1555-g9ae15a6949 (webtiles) character file.

Game seed: 8863157651148207681

2910 sbbq2022 the Cutter (level 9, -20/71 HPs)
             Began as a Demonspawn Fighter on Jan 18, 2022.
             Was a Believer of Uskayaw.
             Demolished by Harold (22 damage)
             ... on level 7 of the Dungeon.
             The game lasted 00:08:00 (8719 turns).

sbbq2022 the Cutter (Demonspawn Fighter)            Turns: 8719, Time: 00:08:01

Health: -20/71     AC: 11    Str: 17    XL:     9   Next: 49%
Magic:  9/9        EV:  7    Int: 14    God:    Uskayaw [**....]
Gold:   298        SH:  0    Dex: 18    Spells: 5/8 levels left

rFire   . . .      SeeInvis +   C - +3 rapier (venom)
rCold   + + +      Faith    .   c - +0 buckler
rNeg    . . .      Spirit   .   m - +4 skin of Zhor {*Englaciate rC+++ SInv}
rPois   .          Reflect  .   (no helmet)
rElec   .          Harm     .   B - +0 cloak
rCorr   +          Rampage  .   (no gloves)
Will    .....                   z - +0 pair of boots
Stlth   ++........              (no amulet)
HPRegen 0.21/turn               u - ring of resist corrosion
MPRegen 0.11/turn               A - +6 ring of dexterity

@: marked, held
A: icy blue scales 1, foul stench 1, weakness stinger 2
a: Renounce Religion, Stomp, Line Pass


You were on level 7 of the Dungeon.
You worshipped Uskayaw.
Uskayaw was noncommittal.
You visited 2 branches of the dungeon, and saw 8 of its levels.

You collected 298 gold pieces.

Inventory:

Hand Weapons
 C - a +3 rapier of venom (weapon)
Missiles
 x - a throwing net (quivered)
Armour
 c - a +0 buckler (worn)
 m - the +4 skin of Zhor (worn) {*Englaciate rC+++ SInv}
   (You found it on level 3 of the Dungeon)

   It radiates cold, occasionally slowing all nearby creatures who are not
   resistant to cold.
   rC:        It renders you almost immune to cold.
   SInv:      It lets you see invisible.
 z - a +0 pair of boots (worn)
 B - a +0 cloak (worn)
Jewellery
 u - a ring of resist corrosion (left hand)
 A - a +6 ring of dexterity (right hand)
Wands
 a - a wand of flame (23)
 t - a wand of iceblast (4)
 w - a wand of polymorph (11)
Scrolls
 e - 2 scrolls of immolation {unknown}
 h - 6 scrolls of teleportation {unknown}
 i - a scroll of enchant armour {unknown}
 j - 3 scrolls of noise {unknown}
 k - 2 scrolls of brand weapon {unknown}
 n - a scroll of holy word {unknown}
 o - 3 scrolls of amnesia {unknown}
 p - 3 scrolls of magic mapping {unknown}
 q - 2 scrolls of fog {unknown}
 s - a scroll of torment {unknown}
 v - 2 scrolls of identify {unknown}
 y - a scroll of fear {unknown}
Potions
 b - a potion of attraction {unknown}
 d - a potion of berserk rage {unknown}
 f - 3 potions of curing {unknown}
 g - a potion of resistance {unknown}
 l - 2 potions of flight {unknown}
 r - a potion of mutation {unknown}


   Skills:
 + Level 6.4 Fighting
 * Level 7.6 Short Blades
 + Level 5.8 Armour
 + Level 5.0 Dodging
 - Level 4.0 Shields


You had 5 spell levels left.
You knew the following spells:

 Your Spells              Type           Power      Damage    Failure   Level
a - Mephitic Cloud        Conj/Pois/Air  0%         N/A       73%         3

Your spell library contained the following spells:

 Spells                   Type           Power      Damage    Failure   Level
 Blink                    Tloc           0%         N/A       50%         2
 Call Canine Familiar     Summ           0%         N/A       73%         3
 Confusing Touch          Hex            0%         N/A       73%         3
 Ignite Poison            Fire/Tmut/Pois 0%         N/A       73%         3
 Lesser Beckoning         Tloc           0%         N/A       73%         3
 Portal Projectile        Hex/Tloc       0%         N/A       73%         3
 Leda's Liquefaction      Hex/Erth       0%         N/A       98%         4
 Freezing Cloud           Conj/Ice/Air   0%         6-21      100%        5
 Manifold Assault         Tloc           0%         N/A       100%        5
 Yara's Violent Unravell  Hex/Tmut       0%         3d3       100%        5
 Enfeeble                 Hex            0%         N/A       100%        7
 Chain Lightning          Conj/Air       0%         N/A       100%        9
 Fire Storm               Conj/Fire      0%         5d1       100%        9
 Shatter                  Erth           0%         3d5*      100%        9


Dungeon Overview and Level Annotations

Branches:
Dungeon (7/15)             Temple (1/1) D:6

Altars:
Dithmenos
Fedhas
Gozag
Hepliaklqana
Kikubaaqudgha
Okawaru
Uskayaw
Wu Jian
Yredelemnul
The Shining One

Shops:
D:3 (   D:5 (

Annotations:
D:7 Harold


Innate Abilities, Weirdness & Mutations

You are partially covered in icy blue scales. (AC +2)
You may rarely emit foul miasma when damaged in melee.
You have a tail ending in a sharp stinger.


Message History

Harold is moderately wounded.
You block Harold's attack.
You hit Harold but do no damage.
Harold looks as sick as possible!
Harold is moderately wounded.
You hit Harold.
Harold looks as sick as possible!
You tail-slap Harold.
Harold is heavily wounded.
Harold hits you with a +0 halberd!
You can now pass through a line of other dancers.
You are too injured to fight recklessly!
You are too injured to fight recklessly!
You barely miss Harold.
Harold is heavily wounded.
Harold misses you.
You puncture Harold!
Harold looks as sick as possible!
Harold is heavily wounded.
Harold says, "I was hoping my final job would be more of a challenge, but money is money."
Harold drinks a potion.
Harold seems to speed up.
You hit Harold.
Harold looks as sick as possible!
Harold is severely wounded.
Harold hits you with a +0 halberd!
* * * LOW HITPOINT WARNING * * *
Unknown command.
You hit Harold.
Harold looks as sick as possible!
Harold is severely wounded.
Harold hits you with a +0 halberd!
* * * LOW HITPOINT WARNING * * *
You feel much better.
Harold says, "Listen, it's nothing personal.
It's just a job."
Harold hits you with a +0 halberd. You block Harold's attack.
You hit Harold but do no damage.
Harold is severely wounded.
Harold hits you with a +0 halberd!!
* * * LOW HITPOINT WARNING * * *
Unknown command.
Harold closely misses you.
Harold throws a throwing net.
The throwing net hits you.
You become entangled in the net!
You see here a throwing net.
You struggle against the net.
Harold hits you from afar with a +0 halberd!!
You die...

#......# #.###### #.#
#.# ######### #.#
#.......## ##.#
####.####...# ## ...#
####.........# .. #..#
#.......##..## .# ..##
#.#.....##.@.#..#
######.#.....##.#...#
.[.....#..#..##..@....#
#####..#..............#
.......).....##.......#
..........##..........#
.....##8..8####.......#
.....#.....# #...)...#
########..## #....(..#


You could see Harold (fast, extremely poisoned).

Vanquished Creatures
  Maggie (D:7)
  A troll (D:6)
  Sigmund (D:2)
  A wyvern (D:5)
  Eustachio (D:6)
  Edmund (D:5)
  Duvessa (D:5)
  An ice beast (D:5)
  A black bear (D:6)
  3 sky beasts (D:5)
  An ogre (D:4)
  2 centaurs
  A necrophage (D:6)
  A kobold brigand (D:5)
  Blork the orc (D:6)
  A bullfrog (D:6)
  3 scorpions (D:6)
  A water moccasin zombie (D:5)
  Dowan (D:5)
  A water moccasin skeleton (D:4)
  A centaur zombie (D:7)
  An orc priest (D:4)
  A centaur skeleton (D:6)
  A bullfrog skeleton (D:4)
  Crazy Yiuf (D:6)
  An iguana (D:5)
  3 orc wizards
  3 hound skeletons (D:4)
  5 adders
  3 gnolls (D:5)
  A white imp (D:7)
  3 dart slugs
  A worm (D:4)
  25 orcs
  7 ball pythons
  9 endoplasms
  3 giant cockroaches
  5 goblins
  7 hobgoblins
  16 kobolds
  4 quokkas
  7 bats
  7 frilled lizards
  2 rats (D:2)
142 creatures vanquished.

Notes
Turn   | Place    | Note
-------+----------+-------------------------------------------
     0 | D:1      | sbbq2022 the Demonspawn Fighter began the quest for the
                  | Orb.
     0 | D:1      | Reached XP level 1. HP: 18/18 MP: 1/1
   267 | D:1      | Reached skill level 2 in Short Blades
   340 | D:1      | Gained mutation: You are partially covered in icy blue
                  | scales. (AC +2) [demonic ancestry]
   340 | D:1      | Reached XP level 2. HP: 24/24 MP: 2/2
   725 | D:2      | Noticed Sigmund
   738 | D:2      | Killed Sigmund
   739 | D:2      | Reached skill level 3 in Short Blades
   739 | D:2      | Reached skill level 1 in Dodging
   739 | D:2      | Reached XP level 3. HP: 27/29 MP: 3/3
   739 | D:2      | Gained mutation: You have a small tail. [demonic ancestry]
   739 | D:2      | Reached XP level 4. HP: 34/36 MP: 4/4
   739 | D:2      | Gained mutation: You may rarely emit foul miasma when
                  | damaged in melee. [demonic ancestry]
   739 | D:2      | Reached XP level 5. HP: 38/41 MP: 5/5
   830 | D:2      | You fall into a shaft and drop 1 floor!
   830 | D:3      | Found the +4 skin of Zhor {*Englaciate rC+++ SInv}
  1120 | D:3      | Found Morewel's Antique Weapon Boutique.
  1697 | D:2      | Found a blossoming altar of Fedhas.
  1846 | D:2      | Reached XP level 6. HP: 38/48 MP: 6/6
  3983 | D:4      | Reached skill level 4 in Short Blades
  4303 | D:4      | Learned a level 3 spell: Mephitic Cloud
  4311 | D:4      | Gained mutation: You have a tail ending in a sharp stinger.
                  | [demonic ancestry]
  4311 | D:4      | Reached XP level 7. HP: 53/54 MP: 7/7
  4647 | D:5      | Entered Level 5 of the Dungeon
  4946 | D:5      | Noticed Edmund
  4974 | D:5      | Killed Edmund
  5390 | D:5      | Reached skill level 5 in Short Blades
  5616 | D:5      | Reached XP level 8. HP: 43/61 MP: 8/8
  6002 | D:5      | Reached skill level 5 in Fighting
  6342 | D:5      | Found Ziabbat's Weapon Boutique.
  6599 | D:5      | Noticed Duvessa
  6599 | D:5      | Noticed Dowan
  6615 | D:5      | Killed Dowan
  6616 | D:5      | Reached skill level 6 in Short Blades
  6619 | D:5      | Killed Duvessa
  6627 | D:5      | Reached skill level 5 in Armour
  6959 | D:6      | Noticed Blork the orc
  6976 | D:6      | Killed Blork the orc
  7012 | D:6      | Noticed a troll
  7019 | D:6      | Killed a troll
  7020 | D:6      | Reached XP level 9. HP: 34/69 MP: 9/9
  7251 | D:6      | Noticed a gargoyle
  7313 | D:6      | Reached skill level 7 in Short Blades
  7313 | D:6      | Found a staircase to the Ecumenical Temple.
  7376 | Temple   | Entered the Ecumenical Temple
  7651 | Temple   | Became a worshipper of Uskayaw the Reveller
  7725 | D:6      | Noticed Eustachio
  7742 | D:6      | Reached * piety under Uskayaw
  7751 | D:6      | Killed Eustachio
  7972 | D:6      | Reached ** piety under Uskayaw
  8184 | D:6      | Found a runed translucent door.
  8185 | D:6      | Noticed Crazy Yiuf
  8483 | D:6      | Killed Crazy Yiuf
  8627 | D:7      | Noticed Maggie
  8639 | D:7      | Reached *** piety under Uskayaw
  8640 | D:7      | Killed Maggie
  8641 | D:7      | Reached skill level 5 in Dodging
  8702 | D:7      | Noticed Harold
  8717 | D:7      | HP: 2/71 [Harold (21)]
  8719 | D:7      | Demolished by Harold

Illustrated notes

Levels and vault maps discovered:
D:1:      lightli_arrival_statuegarden, layout_loops_cross,
          hangedman_decor_opposing
D:2:      layout_basic, basic_altar, minmay_joined_circles, uniq_sigmund
D:3:      layout_loops_cross, serial_shops, shop_fountains
D:4:      layout_cave_pools
D:5:      layout_basic, serial_shops, nicolae_shop_bloodbath_and_beyond,
          uniq_edmund, uniq_duvessa
D:6:      layout_basic, minmay_temple_entry_gardened_gates, minivault_4,
          uniq_crazy_yiuf_cottage, uniq_blork_the_orc, uniq_eustachio
D:7:      layout_loops_cross, minitemple, nrook_mini_vaults, uniq_joseph,
          uniq_harold, uniq_menkaure, uniq_maggie
Temple:   mainiacjoe_temple_big_plus

Skill      XL: |  1  2  3  4  5  6  7  8  9 |
---------------+----------------------------+-----
Short Blades   | 2 3 4 5 6 7 |  7.6
Armour         | 3 4 5 |  5.8
Dodging        | 1 2 3 4 5 |  5.0
Shields        | 3 4 |  4.0
Fighting       | 4 5 6 |  6.4

Action                   |  1- 3 |  4- 6 |  7- 9 || total
-------------------------+-------+-------+-------++-------
Melee: Rapier            |    33 |   266 |   330 ||   629
       Tailslap          |       |    35 |    45 ||    80
Evoke: Wand              |       |       |     3 ||     3
  Use: Potion            |     1 |     2 |     2 ||     5
 Stab: Sleeping          |       |     3 |     2 ||     5
       Paralysed         |       |       |     1 ||     1
Armor: Scale mail        |    14 |     1 |       ||    15
       Animal skin       |       |    81 |    68 ||   149
Dodge: Dodged            |    15 |   129 |   154 ||   298
Block: Buckler           |     5 |    38 |    65 ||   108

Table legend: (Time is in decaauts)
 A = Elapsed time spent in this place.
 B = Non-inter-level travel time spent in this place.
 C = Inter-level travel time spent in this place.
 D = Time resting spent in this place.
 E = Time spent auto-exploring this place.
 F = Levels seen in this place.
 G = Mean time per level.
                   A        B        C        D        E       F      G
               +--------+--------+--------+--------+--------+-----+--------+
         Total |   8731 |   8409 |    322 |   1937 |   5106 |   8 | 1091.4 |
       Dungeon |   8417 |   8160 |    257 |   1937 |   4861 |   7 | 1202.4 |
        Temple |    313 |    248 |     65 |      0 |    245 |   1 |  313.0 |
               +--------+--------+--------+--------+--------+-----+--------+

Top non-repeatable levels by time:
     D:5: 2285 daAuts
     D:2: 1461 daAuts
     D:3: 1447 daAuts
     D:6: 1255 daAuts
     D:4: 1067 daAuts
     D:1: 698 daAuts
  Temple: 313 daAuts
     D:7: 201 daAuts
